 Dungeon Crawl Stone Soup version 0.29.0-7-g18a832c13a (webtiles) character file.

Game seed: 15576114250359912580

21 apoch the Trooper (level 2, 0/24 HPs)
             Began as a Merfolk Fighter on Aug 31, 2022.
             Slain by a goblin
             ... wielding a +0 dagger
             ... led by Robin
              (1 damage)
             ... on level 2 of the Dungeon.
             The game lasted 00:02:47 (676 turns).

apoch the Trooper (Merfolk Fighter)                  Turns: 676, Time: 00:02:47

Health: 0/24       AC:  6    Str: 16    XL:     2   Next: 83%
Magic:  2/2        EV:  8    Int:  7    God:
Gold:   29         SH:  4    Dex: 13    Spells: 1/1 levels left

rFire   . . .      SeeInvis .   a - +0 trident
rCold   . . .      Faith    .   c - +0 buckler
rNeg    . . .      Spirit   .   b - +0 scale mail
rPois   .          Reflect  .   (no helmet)
rElec   .          Harm     .   (no cloak)
rCorr   .          Rampage  .   (no gloves)
Will    .....                   (no boots)
Stlth   ..........              (no amulet)
HPRegen 0.08/turn               (no ring)
MPRegen 0.08/turn               (no ring)

@: about to teleport
A: (nimble swimmer 2), mertail
a: no special abilities


You were on level 2 of the Dungeon.
You visited 1 branch of the dungeon, and saw 2 of its levels.

You collected 29 gold pieces.

Inventory:

Hand Weapons
 a - a +0 trident (weapon)
Missiles
 i - 14 stones (quivered)
Armour
 b - a +0 scale mail (worn)
 c - a +0 buckler (worn)
Potions
 d - a potion of might
 h - a potion of heal wounds {unknown}


   Skills:
 + Level 3.5 Fighting
 + Level 3.1 Polearms
 * Level 2.6 Armour
 - Level 3.0 Shields


You had one spell level left.
You didn't know any spells.
Your spell library was empty.

Dungeon Overview and Level Annotations

Branches:
Dungeon (2/15)

Altars:

Annotations:
D:2 Robin


Innate Abilities, Weirdness & Mutations

((You are very nimble when in or above water. (Stealth+, EV+, Speed+++)))
Your lower body shifts to a powerful aquatic tail in water.


Message History

You puncture the goblin!
You kill the goblin!
The goblin hits you but does no damage. Robin throws the goblin at you!
You block the goblin's attack. The hobgoblin hits you.
* * * LOW HITPOINT WARNING * * *
You hit the goblin.
You kill the goblin!
The goblin hits you but does no damage. The hobgoblin barely misses you.
The goblin completely misses you.
You closely miss the goblin. You block the goblin's attack.
The hobgoblin barely misses you. The goblin hits you but does no damage.
The goblin barely misses you. The goblin hits you but does no damage.
The hobgoblin hits you but does no damage.
The goblin barely misses you. The goblin hits you with a +0 dagger.
* * * LOW HITPOINT WARNING * * *
Unknown command.
You feel better.
The goblin no longer looks unusually strong.
The goblin barely misses you.
The hobgoblin hits you but does no damage.
The goblin barely misses you. x2
Sorry, you're not good enough to have a special ability.
Unknown command.
As you read the scroll labelled WULEMU NASIRPHA, it crumbles to dust.
You feel strangely unstable.
It was a scroll of teleportation.
The goblin no longer looks unusually strong.
The hobgoblin no longer looks unusually strong.
The hobgoblin hits you.
* * * LOW HITPOINT WARNING * * *
The goblin closely misses you. The goblin hits you with a +0 dagger.
* * * LOW HITPOINT WARNING * * *
As you read the scroll labelled FEGAFA KUSSESCH, it crumbles to dust.
The creatures around you are filled with an inner flame!
It was a scroll of immolation.
The goblin no longer looks unusually strong.
The goblin hits you with a +0 club.
* * * LOW HITPOINT WARNING * * *
The hobgoblin hits you but does no damage.
The goblin hits you but does no damage. The goblin hits you with a +0 dagger.
You die...

..)......# #.#....
?........ #.#...
......... #.#..#
......... #>#..#
........# #.#..##
.....l#.#####.#...#
.g...gggg.........###.#
##ggg......<.....#
##@########..#### #g#
#..# #.# #).# #.# #...
... ..### #.# ### #.#
#.#


You could see Robin (inner flame), 2 hobgoblins, 5 goblins and a frilled lizard
(inner flame).

Vanquished Creatures
  3 hobgoblins
  3 kobolds (D:1)
  A quokka (D:1)
  2 ball pythons (D:1)
  A frilled lizard (D:1)
  7 goblins
  2 rats
19 creatures vanquished.

Notes
Turn   | Place    | Note
-------+----------+-------------------------------------------
     0 | D:1      | apoch the Merfolk Fighter began the quest for the Orb.
     0 | D:1      | Reached XP level 1. HP: 18/18 MP: 1/1
   172 | D:1      | Reached XP level 2. HP: 21/24 MP: 2/2
   237 | D:1      | Found a faded altar of an unknown god.
   661 | D:2      | Noticed Robin
   676 | D:2      | HP: 1/24 [goblin/+0 club[Robin] (2)]
   676 | D:2      | Slain by a goblin

Illustrated notes

Levels and vault maps discovered:
D:1:      dpeg_arrival_castle, layout_basic, dreamdust_ecumenical_altar_statues
D:2:      layout_loops_ring, uniq_robin

Skill      XL: |  1  2 |
---------------+-------+-----
Polearms       | 3 |  3.1
Fighting       | |  3.5
Armour         | |  2.6
Shields        | |  3.0

Action                   || total
-------------------------++-------
Melee: Trident           ||    46
Throw: Stone             ||     7
  Use: Scroll            ||     2
       Potion            ||     1
Armor: Scale mail        ||    22
Dodge: Dodged            ||    20
Block: Buckler           ||     9
